 Dungeon Crawl Stone Soup version 0.28.0-43-g3370ac3207 (webtiles) character file.

Game seed: 9612146983368324649

281 RascalDebosk the Chiller (level 6, -12/32 HPs)
             Began as a Deep Elf Ice Elementalist on Mar 28, 2022.
             Killed by divine providence
             ... invoked by an orc priest
              (15 damage)
             ... on level 3 of the Dungeon.
             The game lasted 00:36:40 (2741 turns).

RascalDebosk the Chiller (DEIE)                     Turns: 2741, Time: 00:36:40

Health: -12/32     AC:  6    Str:  5    XL:     6   Next: 6%
Magic:  4/14       EV: 17    Int: 22    God:
Gold:   113        SH:  0    Dex: 15    Spells: 3/14 levels left

rFire   . . .      SeeInvis .   c - +0 dagger
rCold   . . .      Faith    .   (no shield)
rNeg    . . .      Spirit   .   g - +2 robe
rPois   .          Reflect  .   (no helmet)
rElec   .          Harm     .   k - +0 cloak
rCorr   .          Rampage  .   (no gloves)
Will    .....                   j - +0 pair of boots
Stlth   +++.......              (no amulet)
HPRegen 0.10/turn               a - +4 ring of evasion
MPRegen 0.14/turn               (no ring)

@: very slightly contaminated
A: no striking features
a: no special abilities


You were on level 3 of the Dungeon.
You visited 1 branch of the dungeon, and saw 3 of its levels.

You collected 113 gold pieces.

Inventory:

Hand Weapons
 c - a +0 dagger (weapon)
Missiles
 d - 45 stones
 i - 4 poisoned darts
Armour
 g - a +2 robe (worn)
 j - a +0 pair of boots (worn)
 k - a +0 cloak (worn)
Jewellery
 a - a +4 ring of evasion (left hand)
Scrolls
 b - 2 scrolls of identify {unknown}
 e - a scroll of enchant weapon {unknown}
 f - a scroll of torment {unknown}
 m - a scroll of teleportation {unknown}
 o - a scroll of amnesia {unknown}
 q - a scroll of enchant armour {unknown}
Potions
 h - a potion of attraction {unknown}
 l - a potion of berserk rage {unknown}
 n - 2 potions of curing {unknown}
 p - 2 potions of haste {unknown}


   Skills:
 + Level 4.0 Dodging
 + Level 4.2 Stealth
 + Level 4.5 Spellcasting
 + Level 1.9 Conjurations
 + Level 5.3 Ice Magic
 + Level 1.7 Evocations


You had 3 spell levels left.
You knew the following spells:

 Your Spells              Type           Power      Damage    Failure   Level
a - Freeze                Ice            100%       1d11      1%          1
b - Frozen Ramparts       Ice            56%        1d7       3%          3
c - Hailstorm             Conj/Ice       21%        3d6       24%         4
d - Ozocubu's Armour      Ice            28%        N/A       3%          3

Your spell library contained the following spells:

 Spells                   Type           Power      Damage    Failure   Level


Dungeon Overview and Level Annotations

Branches:
Dungeon (3/15)

Altars:

Portals:
Sewer: D:3


Message History

Aim: an orc, wielding a +0 club You freeze the orc.
The orc is lightly wounded.
The orc completely misses you.
Aiming: Freeze (safe; 1% risk of failure)
Press: ? - help, Q - select action, (/) - cycle Shift-Dir - straight line, f/p - orc
Aim: an orc, wielding a +0 club (lightly wounded)
You freeze the orc.
The orc is heavily wounded.
The orc barely misses you.
Aiming: Freeze (safe; 1% risk of failure)
Press: ? - help, Q - select action, (/) - cycle Shift-Dir - straight line, f/p - orc
Aim: an orc, wielding a +0 club (heavily wounded)
You freeze the orc!
You kill the orc!
The orc priest mumbles some strange prayers to Beogh against you.
You struggle to resist.
An orc comes into view. It is wielding a +0 trident.
Casting: Freeze (safe; 1% risk of failure)
Confirm with . or Enter, or press ? or * to list all spells.
The spell is extremely dangerous to miscast (24% risk of failure)!
Continue anyway?
Casting: Hailstorm (extremely dangerous; 24% risk of failure)
Press: ? - help, Dir - look around, f - activate You miscast Hailstorm.
You are very lightly contaminated with residual magic.
You are covered in a thin layer of ice!
The orc shouts!
The orc priest mumbles some strange prayers to Beogh against you.
Pain shoots through your body!
Casting: Hailstorm (extremely dangerous; 24% risk of failure)
Confirm with . or Enter, or press ? or * to list all spells.
The spell is extremely dangerous to miscast (24% risk of failure)!
Continue anyway?
Casting: Hailstorm (extremely dangerous; 24% risk of failure)
Press: ? - help, Dir - look around, f - activate You miscast Hailstorm.
You are caught in an explosion of ice and frost!
* * * LOW HITPOINT WARNING * * *
The orc priest mumbles some strange prayers to Beogh against you.
Beogh smites you!
You die...

...##≈≈≈≈≈##....#
...##≈≈÷÷[##.$..#
................#
..#####...(.o....
#.........#
#.....[.!.#
##...o.....#
#.)........#
#..@÷.(....#
#+##########


You could see an orc priest and an orc.

Vanquished Creatures
  Sigmund (D:3)
  Jessica (D:2)
  Natasha (thrice) (D:2)
  An adder (D:3)
  2 orcs
  8 ball pythons
  6 endoplasms
  3 giant cockroaches
  4 hobgoblins
  4 jackals
  3 kobolds
  3 quokkas (D:1)
  4 bats
  3 frilled lizards
  9 goblins
  4 rats
59 creatures vanquished.

Notes
Turn   | Place    | Note
-------+----------+-------------------------------------------
     0 | D:1      | RascalDebosk the Deep Elf Ice Elementalist began the quest
                  | for the Orb.
     0 | D:1      | Reached XP level 1. HP: 10/10 MP: 6/6
   191 | D:1      | Reached XP level 2. HP: 11/15 MP: 5/8
   351 | D:1      | You fall into a shaft and drop 1 floor!
   662 | D:2      | Noticed Jessica
   669 | D:2      | Killed Jessica
   670 | D:2      | Reached XP level 3. HP: 19/19 MP: 7/10
  1273 | D:1      | Found a faded altar of an unknown god.
  1523 | D:2      | Reached XP level 4. HP: 24/24 MP: 9/11
  1527 | D:2      | Learned a level 3 spell: Frozen Ramparts
  1641 | D:2      | Noticed Natasha
  1646 | D:2      | Killed Natasha
  1654 | D:2      | Noticed Natasha
  1658 | D:2      | Reached skill level 5 in Ice Magic
  1667 | D:2      | Killed Natasha
  1680 | D:2      | Noticed Natasha
  1688 | D:2      | Killed Natasha
  1689 | D:2      | Reached skill level 1 in Conjurations
  1689 | D:2      | Reached skill level 1 in Evocations
  1689 | D:2      | Reached XP level 5. HP: 28/28 MP: 1/13
  1913 | D:2      | Learned a level 4 spell: Hailstorm
  1917 | D:2      | Learned a level 3 spell: Ozocubu's Armour
  2390 | D:3      | Noticed Sigmund
  2393 | D:3      | Found a glowing drain.
  2402 | D:3      | Killed Sigmund
  2403 | D:3      | Reached XP level 6. HP: 10/32 MP: 0/14
  2741 | D:3      | Killed from afar by an orc priest

Illustrated notes

Levels and vault maps discovered:
D:1:      ncdulo_lavacross, layout_loops_ring,
          hellmonk_ecumenical_altar_crossroads
D:2:      layout_basic, uniq_jessica, uniq_natasha
D:3:      layout_basic, chequers_temple_overflow_minitemple,
          cheibrodos_sewer_entry_sluice, uniq_sigmund

Skill      XL: |  1  2  3  4  5 |
---------------+----------------+-----
Dodging        | 3 4 |  4.0
Stealth        | 3 4 |  4.2
Spellcasting   | 4 |  4.5
Ice Magic      | 5 |  5.3
Conjurations   | 1 |  1.9
Evocations     | 1 |  1.7

Action                   |  1- 3 |  4- 6 || total
-------------------------+-------+-------++-------
Melee: Dagger            |    10 |     7 ||    17
       Punch             |       |     1 ||     1
 Cast: Freeze            |    44 |    26 ||    70
       Frozen Ramparts   |       |     3 ||     3
       Hailstorm         |       |     4 ||     4
 Stab: Sleeping          |     1 |     1 ||     2
Armor: Robe              |     9 |    10 ||    19
Dodge: Dodged            |    28 |    31 ||    59
